 Dungeon Crawl Stone Soup version 0.31.0-4-g52a2dc7128 (webtiles) character file.

Game seed: 6653540902420638469

53 Daunt the Ruffian (level 3, 0/35 HPs)
             Began as a Troll Gladiator on Jan 23, 2024.
             Slain by a gnoll
             ... wielding a +0 club
              (5 damage)
             ... on level 1 of the Dungeon.
             The game lasted 00:01:54 (631 turns).

Daunt the Ruffian (Troll Gladiator)                  Turns: 631, Time: 00:01:55

Health: 0/35       AC:  4    Str: 24    XL:     3   Next: 62%
Magic:  2/2        EV: 10    Int:  4    God:
Gold:   22         SH:  0    Dex: 11    Spells: 2/2 levels left

rFire   . .          .
                       - Unarmed
rCold   . . .        (no shield)
rNeg    . . .        a - +0 robe
rPois   .            b - +0 hat
rElec   .            (no cloak)
rCorr   .            (gloves unavailable)
SInv    .            (boots unavailable)
Will    .....        (no amulet)
Stlth   +            (no ring)
HPRegen 1.05/turn    (no ring)
MPRegen 0.08/turn

%: no passive effects
@: no status effects
A: large, unfitting armour, claws 3, regeneration 1, shaggy fur 1, tough skin 1
a: no special abilities


You were on level 1 of the Dungeon.
You visited 1 branch of the dungeon, and saw 2 of its levels.

You collected 22 gold pieces.

Inventory:

Missiles
 c - 3 throwing nets (quivered)
 d - a large rock
 f - 9 stones
Armour
 a - a +0 robe (worn)
 b - a +0 hat (worn)
Talismans
 e - a serpent talisman
Scrolls
 g - 2 scrolls of enchant weapon {unknown}
 h - 2 scrolls of teleportation {unknown}
 i - a scroll of identify {unknown}


   Skills:
 + Level 2.2 Fighting
 - Level 1.7 Throwing
 - Level 2.4 Dodging
 * Level 4.2 Unarmed Combat


You had 2 spell levels left.
You didn't know any spells.
Your spell library contained the following spells:

 Spells                   Type           Power      Damage    Failure   Level
 Magic Dart               Conj           0%         1d3       50%         1
 Searing Ray              Conj           0%         2d4       65%         2
 Fulminant Prism          Conj/Alch      0%         3d5       99%         4


Dungeon Overview and Level Annotations

Branches:
Dungeon (2/15)

Altars:

Shops:
D:1 :


Innate Abilities, Weirdness & Mutations

You are too large for most types of armour.
You have claws for hands.
Your natural rate of healing is unusually fast.
You are covered in fur. (AC +1)
You have tough skin. (AC +1)


Message History

The gnoll closely misses you.
Your Unarmed Combat skill increases to level 4!
You barely miss the gnoll. The gnoll hits you with a +0 whip!
You scratch the gnoll.
The gnoll is moderately wounded.
The gnoll hits you with a +0 club. The gnoll barely misses you.
You barely miss the gnoll.
The gnoll is moderately wounded.
The gnoll hits you with a +0 club. The gnoll closely misses you.
You scratch the gnoll but do no damage. Your claw misses the gnoll.
The gnoll is moderately wounded.
The gnoll hits you with a +0 club. The gnoll barely misses you.
You barely miss the gnoll.
The gnoll is moderately wounded.
The gnoll barely misses you. The gnoll hits you with a +0 whip.
You are too injured to fight recklessly!
You are too injured to fight recklessly!
You scratch the gnoll.
The gnoll is severely wounded.
The gnoll hits you with a +0 club. The gnoll completely misses you.
You claw the gnoll!
You kill the gnoll!
The gnoll hits you with a +0 club.
You scratch the gnoll.
The gnoll is lightly wounded.
The gnoll hits you with a +0 club!
* * * LOW HITPOINT WARNING * * *
You closely miss the gnoll.
The gnoll is lightly wounded.
The gnoll misses you.
You claw the gnoll!
The gnoll is severely wounded.
The gnoll hits you with a +0 club.
* * * LOW HITPOINT WARNING * * *
You closely miss the gnoll.
The gnoll is severely wounded.
You closely miss the gnoll.
The gnoll is severely wounded.
The gnoll hits you with a +0 club.
You die...

#.#..#.....##..........#
..#.##.#...##..........#
....##.#.).##..........#
........†.............##
####.######............#
~~~♣~♣~~~~###..........#
.P.....♣.~# #..........#
PPP...♣♣♣~# #....).....#
.P.....♣.♣###...@......#
....<....~......)g....##
.P.....P.♣#.#.#......##
PPP...PPP~#.#...###.##
.P.....P.~#####.# #.###
...♣.♣...~# #.# #...##
~~~♣.♣~~~~# #.#####..###
####.########
#.....#....######
............#
#####.#.........##


You could see a gnoll.

Vanquished Creatures
  2 gnolls (D:1)
  2 giant cockroaches (D:1)
  6 goblins (D:1)
  A hobgoblin (D:1)
  4 quokkas (D:1)
  4 ball pythons
  4 bats (D:1)
  3 frilled lizards (D:1)
  6 kobolds (D:1)
  3 rats (D:1)
35 creatures vanquished.

Notes
Turn   | Place    | Note
-------+----------+-------------------------------------------
     0 | D:1      | Daunt the Troll Gladiator began the quest for the Orb.
     0 | D:1      | Reached XP level 1. HP: 19/19 MP: 0/0
    23 | D:1      | You fall into a shaft and drop 1 floor!
   104 | D:1      | Reached XP level 2. HP: 24/28 MP: 1/1
   337 | D:1      | Found Paummidi's Book Shoppe.
   398 | D:1      | Reached XP level 3. HP: 35/35 MP: 2/2
   620 | D:1      | Reached skill level 4 in Unarmed Combat
   631 | D:1      | Slain by a gnoll

Illustrated notes

Levels and vault maps discovered:
D:1:      ldierk_walled_garden, layout_rooms, serial_shops, shop,
          minmay_strange_pillars, minmay_fountain_box, minmay_tetromino_l4
D:2:      layout_loops_cross, shapermc_ecumenical_altar_mp_ritualfount,
          minmay_misc_feat_iff, kennysheep_decorative_pillar

Skill      XL: |  1  2  3 |
---------------+----------+-----
Fighting       | 2 |  2.2
Unarmed Combat | 4 |  4.2
Throwing       | |  1.7
Dodging        | |  2.4

Action                     || total
---------------------------++-------
  Melee: Unarmed           ||   104
 Armour: Robe              ||    87
  Dodge: Dodged            ||    74
